 Dungeon Crawl Stone Soup version 0.28-a0-683-ga8797d1ae1 (webtiles) character file.

Game seed: 1878785272802840716

4 ytrimaz the Skirmisher (level 1, 16/18 HPs)
             Began as a Formicid Abyssal Knight on Oct 18, 2021.
             Was an Initiate of Lugonu.
             Quit the game on level 1 of the Dungeon.
             The game lasted 00:01:34 (370 turns).

ytrimaz the Skirmisher (Formicid Abyssal Knight)     Turns: 370, Time: 00:01:34

Health: 16/18      AC:  3    Str: 17    XL:     1   Next: 77%
Magic:  2/2        EV: 11    Int:  9    God:    Lugonu [......]
Gold:   10         SH:  0    Dex: 11    Spells: 0/0 levels left

rFire   . . .      SeeInvis +   a - +1 hand axe
rCold   . . .      Faith    .   (no shield)
rNeg    . . .      Spirit   .   b - +0 leather armour
rPois   .          Reflect  .   (helmet unavailable)
rElec   .          Harm     .   (no cloak)
rCorr   .          Rampage  .   (no gloves)
Will    .....                   (no boots)
Stlth   +.........              (no amulet)
HPRegen 0.06/turn               (no ring)
MPRegen 0.08/turn               (no ring)

@: no status effects
A: permanent stasis, dig shafts and tunnels, antennae 3, four strong arms
a: Dig, Shaft Self, Renounce Religion


You were on level 1 of the Dungeon.
You worshipped Lugonu.
Lugonu was noncommittal.
You visited 1 branch of the dungeon, and saw 1 of its levels.
You visited the Abyss 1 time.

You collected 10 gold pieces.

Inventory:

Hand Weapons
 a - a +1 hand axe (weapon)
Armour
 b - a +0 leather armour (worn)
Scrolls
 c - a scroll of identify {unknown}


   Skills:
 * Level 3.6 Fighting
 + Level 2.0 Axes
 + Level 2.2 Armour
 - Level 0.8 Dodging
 - Level 2.1 Invocations


You couldn't memorise any spells.
You didn't know any spells.
Your spell library was empty.

Dungeon Overview and Level Annotations

Branches:
Dungeon (1/15)

Altars:


Innate Abilities, Weirdness & Mutations

You cannot be hasted, slowed, berserked, paralysed or teleported.
You can dig through walls and to a lower floor.
You have a pair of large antennae on your head. (SInv)
Your four strong arms can wield two-handed weapons with a shield.


Message History

The bat hits you but does no damage. The bat closely misses you.
The bat misses you. The bat barely misses you.
Unknown command.
Found a hunting sling.
The bat hits you but does no damage. The bat hits you.
The bat hits you but does no damage.
You hit the bat.
The bat is heavily wounded.
The bat barely misses you.
You closely miss the bat.
The bat is heavily wounded.
The bat hits you but does no damage. The bat hits you but does no damage.
The bat misses you. The bat closely misses you.
You barely miss the bat.
The bat is moderately wounded.
The bat hits you but does no damage.
You closely miss the bat.
The bat is moderately wounded.
The bat misses you. The bat hits you but does no damage.
You hit the bat.
The bat is severely wounded.
The bat closely misses you. The bat barely misses you.
Unknown command.
The bat hits you but does no damage. The bat closely misses you.
You see here a scroll labelled WEID PAUKLEE.
The bat completely misses you.
You hit the bat.
You kill the bat!
Lugonu accepts your kill.
c - a scroll labelled WEID PAUKLEE Unknown command.
Are you sure you want to shaft yourself?
Unknown command.
Welcome back, ytrimaz the Formicid Abyssal Knight.
Lugonu says: Spread carnage and corruption!
Press ? for a list of commands and other information.
Are you sure you want to abandon this character and quit the game? (Confirm with "yes".)

∩.......∩♣.♣..###.#
..8.<.8.......# #.# #
∩.......∩.♣♣(.# #.######.#
°∩..8..∩♣♣.♣.)###.........
○♣°...∩.♣♣.#°.............
♣♣.∩.∩♣.♣°♣.○...##...##..
.♣.♣.♣♣§§.........#....#
[..♣♣.♣....#°..........)#
... ...○○§+...†@.......#
######............#
#.............#
####..........#
#.......... #########..


There were no monsters in sight!

Vanquished Creatures
  A bat (D:1)
  An endoplasm (D:1)
  A goblin (D:1)
  A kobold (D:1)
4 creatures vanquished.

Notes
Turn   | Place    | Note
-------+----------+-------------------------------------------
     0 | Abyss:1  | ytrimaz the Formicid Abyssal Knight began the quest for the
                  | Orb.
     0 | Abyss:1  | Reached XP level 1. HP: 18/18 MP: 2/2
   136 | Abyss:1  | Noticed a thrashing horror
   209 | Abyss:1  | Noticed a smoke demon
   210 | D:1      | Escaped the Abyss
   370 | D:1      | Quit the game

Illustrated notes

Levels and vault maps discovered:
D:1:      heliophobic_arrival_enchanted_forest, layout_basic

Action                   || total
-------------------------++-------
Melee: Hand axe          ||    16
Invok: Depart the Abyss  ||     1
Armor: Leather armour    ||    10
Dodge: Dodged            ||    17

Table legend: (Time is in decaauts)
 A = Elapsed time spent in this place.
 B = Non-inter-level travel time spent in this place.
 C = Inter-level travel time spent in this place.
 D = Time resting spent in this place.
 E = Time spent auto-exploring this place.
 F = Levels seen in this place.
 G = Mean time per level.
                   A        B        C        D        E       F      G
               +--------+--------+--------+--------+--------+-----+--------+
         Total |    373 |    371 |      2 |      0 |    305 |   2 |  186.5 |
       Dungeon |    162 |    160 |      2 |      0 |    109 |   1 |  162.0 |
         Abyss |    210 |    210 |      0 |      0 |    196 |   1 |  210.0 |
               +--------+--------+--------+--------+--------+-----+--------+

Top non-repeatable levels by time:
 Abyss:1: 210 daAuts
     D:1: 162 daAuts
